 Dungeon Crawl Stone Soup version 0.28-a0-657-g71136c5590 (webtiles) character file.

Game seed: 742227707124248364

235296 Irenicus the Metallomancer (level 18, -11/145 HPs)
             Began as a Deep Dwarf Earth Elementalist on Oct 12, 2021.
             Was the Champion of Makhleb.
             Killed from afar by Fiutitsu's ghost (46 damage)
             ... with an iron shot
             ... on level 1 of the Elven Halls on Oct 13, 2021.
             The game lasted 04:09:49 (16613 turns).

Irenicus the Metallomancer (DDEE)                  Turns: 16613, Time: 04:09:49

Health: -11/145    AC: 21    Str: 14    XL:     18   Next: 47%
Magic:  22/43 (34) EV: 23    Int: 29    God:    Makhleb [******]
Gold:   2292       SH:  6    Dex: 22    Spells: 18/41 levels left

rFire   + . .      SeeInvis .   p - staff of earth {!a}
rCold   + . .      Faith    .   r - +0 buckler
rNeg    + . .      Spirit   .   B - +0 acid dragon scales
rPois   +          Reflect  .   h - +2 helmet {Int+3}
rElec   +          Harm     .   x - +0 cloak {rPois}
rCorr   +          Rampage  .   e - +2 pair of gloves {Dex+3}
Will    ++...                   k - +1 pair of boots
Stlth   +++++.....              g - amulet of magic regeneration
HPRegen 0.00/turn               l - ring of Ridwo {rElec rF+ rC+ Int+4 Dex+6}
MPRegen 0.53/turn               M - ring of magical power

@: no status effects
A: damage resistance, heal wounds, negative energy resistance 1, sense
surroundings 3, no regeneration
}: 2/15 runes: serpentine, barnacled
a: Heal Wounds, Renounce Religion, Minor Destruction, Lesser Servant of Makhleb,
Major Destruction, Greater Servant of Makhleb


You were on level 1 of the Elven Halls.
You worshipped Makhleb.
Makhleb was exalted by your worship.
You visited 7 branches of the dungeon, and saw 31 of its levels.
You also visited: Gauntlet and Ice Cave.

You collected 3872 gold pieces.
You spent 1580 gold pieces at shops.


Innate Abilities, Weirdness & Mutations

You are resistant to damage.
You can heal yourself by infusing magical energy.
You resist negative energy. (rN+)
You passively map a large area around you.
You do not regenerate.


   Skills:
 - Level 5.0 Fighting
 - Level 14.0 Armour
 - Level 15.1 Dodging
 - Level 10.1 Stealth
 - Level 4.0 Shields
 - Level 12.0 Spellcasting
 - Level 16.0 Necromancy
 - Level 3.0 Translocations
 - Level 3.0 Transmutations
 + Level 23.0 Earth Magic
 - Level 4.4 Evocations


You had 18 spell levels left.
You knew the following spells:

 Your Spells              Type           Power      Damage    Failure   Level
e - Sublimation of Blood  Necr           42%        N/A       0%          2
f - Borgnjor's Vile Clut  Necr/Erth      57%        N/A       1%          5
g - Apportation           Tloc           68%        N/A       1%          1
l - Lee's Rapid Deconstr  Erth           61%        3d29*     0%          5
p - Petrify               Tmut/Erth      96%        N/A       1%          4
t - Stone Arrow           Conj/Erth      100%       3d13      1%          3
w - Passwall              Tmut/Erth      80%        N/A       1%          2
z - Sandblast             Erth           100%       2d20      0%          1

Your spell library contained the following spells:

 Spells                   Type           Power      Damage    Failure   Level
 Animate Skeleton         Necr           100%       N/A       0%          1
 Vampiric Draining        Necr           42%        2d12      0%          3
 Beastly Appendage        Tmut           68%        N/A       1%          1
 Blink                    Tloc           N/A        N/A       1%          2
 Wereblood                Tmut           34%        N/A       1%          2
 Animate Dead             Necr           42%        N/A       1%          4
 Death Channel            Necr           42%        N/A       1%          6
 Foxfire                  Conj/Fire      68%        2x1d7     3%          1
 Magic Dart               Conj           68%        1d6       3%          1
 Summon Small Mammal      Summ           68%        N/A       3%          1
 Gell's Gravitas          Tloc           17%        N/A       3%          3
 Lesser Beckoning         Tloc           34%        N/A       3%          3
 Teleport Other           Tloc           34%        N/A       3%          3
 Call Imp                 Summ           17%        N/A       6%          2
 Scorch                   Fire           34%        2d6       6%          2
 Searing Ray              Conj           34%        2d5       6%          2
 Slow                     Hex            17%        N/A       6%          2
 Confusing Touch          Hex            17%        N/A       12%         3
 Conjure Flame            Conj/Fire      17%        6-21      12%         3
 Frozen Ramparts          Ice            34%        1d5       12%         3
 Inner Flame              Hex/Fire       17%        N/A       12%         3
 Mephitic Cloud           Conj/Pois/Air  17%        N/A       12%         3
 Swiftness                Air            17%        N/A       12%         3
 Ice Form                 Ice/Tmut       26%        N/A       21%         4
 Iskenderun's Mystic Bla  Conj/Tloc      26%        2d7       21%         4
 Manifold Assault         Tloc           34%        N/A       30%         5
 Airstrike                Air            8%         N/A       36%         4
 Flame Wave               Conj/Fire      17%        3d5       36%         4
 Fulminant Prism          Conj/Hex       8%         3d7       36%         4
 Summon Ice Beast         Ice/Summ       17%        N/A       36%         4
 Summon Lightning Spire   Summ/Air       17%        N/A       36%         4
 Irradiate                Conj/Tmut      13%        3d18      50%         5
 Lightning Bolt           Conj/Air       8%         1d21      71%         5
 Invisibility             Hex            8%         N/A       99%         6
 Summon Cactus Giant      Summ           8%         N/A       99%         6
 Summon Hydra             Summ           8%         N/A       100%        7

Inventory:

Hand Weapons
 D - a +9 dagger of protection
Missiles
 c - 393 stones
Armour
 e - a +2 pair of gloves of dexterity (worn)
 h - a +2 helmet of intelligence (worn)
 k - a +1 pair of boots (worn)
 r - a +0 buckler (worn)
 x - a +0 cloak of poison resistance (worn)
 z - a +0 cloak of cold resistance
 B - +0 acid dragon scales (worn)
 C - the +0 cloak "Jeutativ" {rElec rN+ Regen+ Dex+2}
   (You acquired it on level 1 of the Snake Pit)

   Dex:       It affects your dexterity (+2).
   rElec:     It insulates you from electricity.
   rN:        It protects you from negative energy.
   Regen:     It increases your rate of health regeneration.
 F - the +0 helmet "Oniev" {*Corrode rElec rPois Dex+6}
   (You found it on level 2 of the Shoals)

   Dex:       It affects your dexterity (+6).
   rElec:     It insulates you from electricity.
   rPois:     It protects you from poison.
   *Corrode:  It may corrode you when you take damage.
Magical Staves
 a - a staff of cold {!a}
 d - a staff of air {!a}
 n - a staff of death {!a}
 p - a staff of earth (weapon) {!a}
 L - a staff of fire {!a}
Jewellery
 f - a ring of protection from fire
 g - an amulet of magic regeneration (around neck)
 l - the ring of Ridwo (left hand) {rElec rF+ rC+ Int+4 Dex+6}
   (You acquired it on level 2 of the Orcish Mines)

   [ring of dexterity]

   Int:       It affects your intelligence (+4).
   Dex:       It affects your dexterity (+6).
   rF:        It protects you from fire.
   rC:        It protects you from cold.
   rElec:     It insulates you from electricity.
 v - a ring of see invisible
 y - the ring "Qiutt" {rC+ Str+2}
   (You took it off a minotaur in a Gauntlet)

   [ring of protection from cold]

   Str:       It affects your strength (+2).
   rC:        It protects you from cold.
 M - a ring of magical power (right hand)
 N - a ring of positive energy
 P - a ring of poison resistance
 R - a ring of resist corrosion
Wands
 O - a wand of paralysis (5)
 U - a wand of acid (12)
 W - a wand of iceblast (7)
Scrolls
 b - 5 scrolls of teleportation {@r2}
 i - a scroll of blinking
 t - 3 scrolls of enchant weapon
 w - a scroll of holy word
 A - 17 scrolls of identify {@r1}
 E - a scroll of acquirement
 G - a scroll of immolation
 I - a scroll of fog
 Y - 3 scrolls of magic mapping
Potions
 j - 2 potions of mutation
 m - 10 potions of haste {@q3}
 o - a potion of magic
 q - 4 potions of flight
 s - 3 potions of brilliance
 u - a potion of heal wounds {@q2}
 H - 2 potions of ambrosia
 J - 4 potions of curing {@q1}
 V - 3 potions of might
 Z - 2 potions of resistance
Miscellaneous
 Q - a piece from Xom's chessboard (15/15)

Dungeon Overview and Level Annotations

Branches:
Dungeon (13/15)            Temple (1/1) D:4            Lair (6/6) D:9
 Shoals (4/4) Lair:4        Snake (4/4) Lair:2        Slime (0/5) Lair:6
    Orc (2/2) D:9             Elf (1/3) Orc:2        Vaults (0/5) D:13
  IceCv (visited)         Gauntlet (visited)

Altars:
Ashenzari
Cheibriados
Dithmenos
Elyvilon
Fedhas
Gozag
Hepliaklqana
Kikubaaqudgha
Makhleb
Nemelex Xobeh
Ru
Sif Muna
Trog
Uskayaw
Vehumet
Wu Jian
Xom
Yredelemnul
Jiyva
Lugonu

Shops:
D:6 :   D:10 ((   D:11 *   Orc:2 ::(*[   Shoals:3 =   Snake:3 :=:

Portals:
Abyss: D:9

Annotations:
Lair:1 2 transporters, Sorae's ghost, journeyman DrFE
Lair:5 2 runed translucent doors, Udem Wok's ghost, journeyman DsGl
Shoals:2 Polyphemus
Snake:3 Vashnia
Elf:1 1 transporter, Fiutitsu's ghost, adept OpCj

#......)......#....## ##.#..
#.#.###.##.###.###..## ##.###.
*,,#....##...........## ##.## #.
* *##.#.##............###..####.
,..#..##......................
*#...##.##......................
*.#...#..##...▒▒▒▒▒▒▒▒▒..........
*#.###....#..▒▒..W....▒▒....##...
#..#........▒8.@▒.▒..8▒....##.#.
#.#..#.#.#..▒/.▒EE.▒..▒.(.###.#.
#.#....#.#).▒=..))....▒.......#.
#.#.#..#...©▒[e.e§)...▒©........
#...........▒ee.......▒..#......
#.......#..▒:.▒...▒..▒.......#.
#.##.##.#..▒8..▒.▒..8▒..#...... *
#.......▒▒©......▒▒..##.....
,*#.##.....▒▒▒▒▒▒▒▒▒...#......


You could see a deep elf archer (repels missiles), a deep elf knight, an earth
elemental, 2 deep elf pyromancers, an air elemental and Fiutitsu's ghost.


Message History

The zombie hands constrict the +2 flail of holy wrath!!
The +2 flail of holy wrath falls from the air.
Makhleb accepts your kill. The air elemental closely misses you.
The deep elf pyromancer casts a spell.
The deep elf pyromancer blinks!
The +1 halberd of pain struggles to escape constriction.
The air elemental fires a burst of electricity at you.
The stunning burst hits you. You resist.
Fiutitsu's ghost stares at you and mumbles some strange words.
The iron shot hits you!!!
* * * LOW HITPOINT WARNING * * *
Your Earth Magic skill increases to level 23!
Press: ? - help, v - describe, . - travel
Here: Fiutitsu's ghost The floor.
Okay, then.
Unknown command.
You feel much better.
The zombie hands constrict the +1 halberd of pain.
The +1 halberd of pain falls from the air.
Makhleb accepts your kill. The air elemental misses you.
You block the air elemental's attack.
The deep elf archer shoots an arrow.
The arrow hits you.
* * * LOW HITPOINT WARNING * * *
The air elemental fires a burst of electricity at you.
The stunning burst misses you. Fiutitsu's ghost casts a spell at you.
The iron shot hits you!!!
You die...

Skill      XL: |  1  2  3  4  5  6  7  8  9 10 11 12 13 14 15 16 17 18 |
---------------+-------------------------------------------------------+-----
Earth Magic    | 5 6 7 9 10 12 15 16 18 20 21 23 | 23.0
Spellcasting   | 2 5 6 7 10 12 | 12.0
Dodging        | 6 9 12 15 | 15.1
Armour         | 5 7 11 14 | 14.0
Stealth        | 6 10 | 10.1
Transmutations | 3 |  3.0
Necromancy     | 9 12 13 15 16 | 16.0
Evocations     | 4 |  4.4
Translocations | 3 |  3.0
Fighting       | 4 5 |  5.0
Shields        | 4 |  4.0

Action                   |  1- 3 |  4- 6 |  7- 9 | 10-12 | 13-15 | 16-18 || total
-------------------------+-------+-------+-------+-------+-------+-------++-------
Melee: Dagger            |    48 |     1 |       |    24 |    17 |    27 ||   117
       Staff             |       |       |     2 |    14 |    47 |    12 ||    75
 Cast: Sandblast         |    50 |    32 |    49 |   139 |   176 |   161 ||   607
       Passwall          |    12 |     9 |    17 |    31 |    17 |    22 ||   108
       Stone Arrow       |       |     7 |    65 |   109 |    83 |   139 ||   403
       Borgnjor's Vile C |       |       |       |    53 |   211 |   218 ||   482
       Petrify           |       |       |       |     4 |     2 |     3 ||     9
       Lee's Rapid Decon |       |       |       |     5 |    17 |    71 ||    93
       Apportation       |       |       |       |     2 |    39 |    35 ||    76
       Sublimation of Bl |       |       |       |     1 |    21 |     8 ||    30
Evoke: Wand              |       |       |     2 |     7 |    28 |    46 ||    83
       Piece from Xom's  |       |       |       |       |     1 |     3 ||     4
  Use: Scroll            |     1 |     4 |     5 |    16 |    11 |    11 ||    48
       Potion            |       |       |     2 |     2 |     1 |     8 ||    13
 Stab: Sleeping          |     1 |     1 |       |     5 |     7 |     3 ||    17
       Petrified         |       |       |       |    15 |    10 |    18 ||    43
       Paralysed         |       |       |       |       |       |     4 ||     4
       Distracted        |       |       |       |       |       |     1 ||     1
Armor: Leather armour    |    11 |     4 |     7 |       |       |       ||    22
       Robe              |     1 |       |       |       |       |       ||     1
       Acid dragon scale |       |       |     2 |    37 |   133 |   127 ||   299
Dodge: Dodged            |    38 |    10 |    18 |    86 |   327 |   382 ||   861
Block: Buckler           |       |       |       |       |       |     6 ||     6

Levels and vault maps discovered:
D:1:      dpeg_arrival_snail, layout_basic,
          hellmonk_ecumenical_altar_inner_sanctum
D:2:      layout_loops_ring, serial_bayou_pond_e, minmay_joined_circles
D:3:      layout_basic, nicolae_elyvilon_peaceful_grove,
          gammafunk_temple_overflow_forgotten, mainiacjoe_overflow_24_doors
D:4:      layout_basic, lemuel_round_altar, lemuel_temple_firewalk_a,
          uniq_blork_the_orc
D:5:      layout_basic, trog_ov_bears_minmay, gammafunk_temple_of_torment
D:6:      layout_basic, lemuel_doored_altar, serial_shops, shop, uniq_menkaure
D:7:      layout_rooms, lemuel_coloured_pillars_altar, uniq_duvessa,
          uniq_crazy_yiuf_cottage, uniq_pikel
D:8:      layout_loops_ring
D:9:      layout_roguey, lair_entry_dummy, hiddenorc2_lemuel,
          amcnicky_altar_lugonu_corruption
D:10:     layout_cave_pools, xom_teletrap_fun, mainiacjoe_overflow_alcove_1,
          serial_shops, nicolae_shop_waterfront, shop
D:11:     layout_stronghold, chequers_garden, nicolae_elemental_shop,
          vehumet_crystals
D:12:     layout_roguey, uniq_fannar
D:13:     layout_basic, skrybe_vaults_entry_preservation, nrook_mini_backslash,
          lemuel_nasty_fountain, uniq_kirke
Temple:   nicolae_temple_figure_zero
Lair:1:   layout_cave_pods, gauntlet_entry_generic,
          gammafunk_ghost_berserking_beasts, minivault_25, beast_lair_carwin_10,
          uniq_joseph
Lair:2:   layout_chaotic_city, dummy_snake_entry, grunt_megastairs_3
Lair:3:   layout_concentric_octagons
Lair:4:   layout_gridlike, elwin_shoals_entry_rocks, serial_bayou_shore_a
Lair:5:   layout_loops_ring, ebering_ghost_disaster_area
Lair:6:   hangedman_lair_tendril_chambers, layout_hall_layers,
          hangedman_lair_in_review, slime_altar_2,
          portal_ice_cave_demonic_guard, uniq_snorg
Shoals:1: layout_shoals
Shoals:2: layout_shoals, uniq_polyphemus
Shoals:3: layout_shoals, serial_shops, shop
Shoals:4: shoals_end_hellmonk_lost_city
Snake:1:  layout_basic, nicolae_snake_boneroom, uniq_asterion
Snake:2:  layout_gridlike, guppyfry_library_mini, grunt_megastairs_2,
          uniq_azrael
Snake:3:  layout_cave_town, minmay_shop_grove, uniq_vashnia, uniq_jorgrun
Snake:4:  snake_pit_salamanders_mu, layout_cave_town
Orc:1:    layout_diamond_mine
Orc:2:    st_orc_congregation, layout_diamond_mine, serial_shops,
          nicolae_shop_window_shopping, kennysheep_orc_sif_temple
Elf:1:    eino_elf_arrival_shootout, layout_loops_cross, gammafunk_ghost_arena,
          kennysheep_underground_church

Notes
Turn   | Place    | Note
-------+----------+-------------------------------------------
     0 | D:1      | Irenicus the Deep Dwarf Earth Elementalist began the quest
                  | for the Orb.
     0 | D:1      | Reached XP level 1. HP: 15/15 MP: 3/3
    92 | D:1      | Found a faded altar of an unknown god.
   591 | D:1      | Reached XP level 2. HP: 22/22 MP: 1/4
   681 | D:2      | Reached skill level 5 in Earth Magic
   938 | D:2      | Reached XP level 3. HP: 24/28 MP: 1/5
   965 | D:2      | Reached skill level 6 in Earth Magic
   999 | D:2      | Learned a level 2 spell: Passwall
  1410 | D:3      | Found a broken altar of Ashenzari.
  1410 | D:3      | Found a blossoming altar of Fedhas.
  1417 | D:3      | Found an opulent altar of Gozag.
  1490 | D:3      | Reached XP level 4. HP: 23/36 MP: 4/6
  1493 | D:3      | Found a white marble altar of Elyvilon.
  1547 | D:4      | Reached skill level 2 in Spellcasting
  1570 | D:4      | Reached skill level 7 in Earth Magic
  1608 | D:4      | Reached XP level 5. HP: 19/42 MP: 3/8
  1649 | D:4      | Found a shadowy altar of Dithmenos.
  1707 | D:4      | Found a staircase to the Ecumenical Temple.
  1716 | Temple   | Entered the Ecumenical Temple
  1745 | Temple   | Became a worshipper of Makhleb the Destroyer
  1803 | D:4      | Reached skill level 8 in Earth Magic
  1807 | D:4      | Learned a level 3 spell: Stone Arrow
  1808 | D:4      | Noticed a phantom
  1813 | D:4      | Killed a phantom
  1881 | D:4      | Noticed Blork the orc
  1887 | D:4      | Killed Blork the orc
  1888 | D:4      | Reached skill level 9 in Earth Magic
  1888 | D:4      | Reached XP level 6. HP: 22/49 MP: 4/9
  2135 | D:3      | Found a shimmering blue altar of Sif Muna.
  2254 | D:5      | Entered Level 5 of the Dungeon
  2254 | D:5      | Found a transporter.
  2254 | D:5      | Found a transporter.
  2258 | D:5      | Found a basalt altar of Yredelemnul.
  2259 | D:5      | Noticed Menkaure
  2268 | D:5      | Found an ancient bone altar of Kikubaaqudgha.
  2271 | D:5      | Found a bloodstained altar of Trog.
  2283 | D:5      | Reached skill level 10 in Earth Magic
  2283 | D:5      | Reached XP level 7. HP: 24/55 MP: 3/10
  2419 | D:5      | Reached skill level 11 in Earth Magic
  2719 | D:6      | Reached * piety under Makhleb
  2752 | D:6      | Reached skill level 12 in Earth Magic
  2856 | D:6      | Identified the +1 helmet "Laiqaf" {rF- Regen+ Int+4 Dex+7}
  2905 | D:6      | Found Wock's Book Boutique.
  2916 | D:6      | Reached XP level 8. HP: 19/62 MP: 4/11
  2997 | D:6      | Found a hide-covered altar of Uskayaw.
  3054 | D:6      | Reached skill level 13 in Earth Magic
  3234 | D:7      | Found a runed translucent door.
  3235 | D:7      | Noticed Crazy Yiuf
  3241 | D:7      | Killed Crazy Yiuf
  3281 | D:7      | Noticed Pikel
  3291 | D:7      | Reached skill level 14 in Earth Magic
  3296 | D:7      | Killed Pikel
  3297 | D:7      | Reached skill level 15 in Earth Magic
  3387 | D:7      | Noticed Duvessa
  3389 | D:7      | Noticed Dowan
  3396 | D:7      | Killed Duvessa
  3397 | D:7      | Gained mutation: You passively map the area around you.
                  | [Deep Dwarf growth]
  3397 | D:7      | Reached XP level 9. HP: 44/68 MP: 0/12
  3412 | D:7      | Killed Dowan
  3534 | D:7      | Found an ornate altar of the Wu Jian Council.
  3561 | D:8      | Reached skill level 16 in Earth Magic
  3594 | D:8      | Reached ** piety under Makhleb
  3712 | D:5      | Killed Menkaure
  3713 | D:5      | Reached skill level 3 in Dodging
  4041 | D:8      | Reached skill level 4 in Dodging
  4175 | D:8      | Noticed a two-headed ogre
  4188 | D:8      | Killed a two-headed ogre
  4189 | D:8      | Reached skill level 6 in Dodging
  4297 | D:9      | Reached skill level 2 in Armour
  4341 | D:9      | Noticed a two-headed ogre
  4346 | D:9      | Killed a two-headed ogre
  4347 | D:9      | Reached skill level 5 in Armour
  4347 | D:9      | Reached XP level 10. HP: 61/75 MP: 3/13
  4420 | D:9      | Found a one-way gate to the infinite horrors of the Abyss.
  4421 | D:9      | Found a corrupted altar of Lugonu.
  4510 | D:9      | Reached *** piety under Makhleb
  4515 | D:9      | Found a staircase to the Orcish Mines.
  4631 | D:9      | Reached skill level 3 in Stealth
  4666 | D:9      | Found a staircase to the Lair.
  4761 | D:9      | Reached skill level 6 in Armour
  4817 | D:9      | Reached skill level 4 in Stealth
  4835 | D:10     | Entered Level 10 of the Dungeon
  4843 | D:10     | Reached skill level 5 in Stealth
  4895 | D:10     | Found Gakhol's Antique Weapon Emporium.
  4971 | D:10     | Found a sparkling altar of Nemelex Xobeh.
  5010 | D:10     | Found Zegywn's Antique Weapon Emporium.
  5047 | D:10     | Reached skill level 7 in Armour
  5048 | D:10     | Reached **** piety under Makhleb
  5053 | D:10     | Reached skill level 3 in Spellcasting
  5074 | D:10     | Found a shimmering altar of Xom.
  5410 | D:11     | Reached skill level 4 in Spellcasting
  5442 | D:11     | Found Eckuat's Elemental Accessories.
  5579 | D:11     | Noticed a gargoyle
  5581 | D:11     | Killed a gargoyle
  5636 | D:11     | Found a radiant altar of Vehumet.
  5805 | Orc:1    | Entered Level 1 of the Orcish Mines
  5810 | Orc:1    | Reached skill level 5 in Spellcasting
  5850 | Orc:1    | Noticed a cyclops
  5853 | Orc:1    | Identified a scroll of acquirement
  5853 | Orc:1    | Acquired a staff of earth
  5888 | Orc:1    | Killed a cyclops
  5889 | Orc:1    | Reached skill level 6 in Stealth
  5889 | Orc:1    | Reached XP level 11. HP: 48/81 MP: 6/18
  5969 | Orc:1    | Learned a level 4 spell: Petrify
  6004 | Orc:1    | Reached skill level 1 in Transmutations
  6132 | Orc:2    | Entered Level 2 of the Orcish Mines
  6150 | Orc:2    | Noticed a two-headed ogre
  6151 | Orc:2    | Noticed a two-headed ogre
  6161 | Orc:2    | Killed a two-headed ogre
  6162 | Orc:2    | Reached skill level 2 in Transmutations
  6203 | Orc:2    | Found a staircase to the Elven Halls.
  6339 | Orc:2    | Found Gothic's Book Emporium.
  6346 | Orc:2    | Bought a book of Blasting for 352 gold pieces
  6346 | Orc:2    | Bought a book of Cantrips for 132 gold pieces
  6352 | Orc:2    | Learned a level 5 spell: Lee's Rapid Deconstruction
  6354 | Orc:2    | Learned a level 1 spell: Apportation
  6460 | Orc:2    | Reached skill level 6 in Spellcasting
  6467 | Orc:2    | Reached skill level 3 in Transmutations
  6529 | Orc:2    | Bought a book of Unlife for 396 gold pieces
  6535 | Orc:2    | Learned a level 5 spell: Borgnjor's Vile Clutch
  6591 | Orc:2    | Noticed a two-headed ogre
  6592 | Orc:2    | Noticed an ogre mage
  6592 | Orc:2    | Noticed a two-headed ogre
  6603 | Orc:2    | Killed a two-headed ogre
  6604 | Orc:2    | Reached skill level 2 in Necromancy
  6614 | Orc:2    | Killed a two-headed ogre
  6615 | Orc:2    | Reached skill level 4 in Necromancy
  6616 | Orc:2    | Killed a two-headed ogre
  6617 | Orc:2    | Reached skill level 5 in Necromancy
  6618 | Orc:2    | Killed an ogre mage
  6619 | Orc:2    | Reached skill level 6 in Necromancy
  6718 | Orc:2    | Noticed an orc high priest
  6734 | Orc:2    | Killed an orc high priest
  6735 | Orc:2    | Reached skill level 7 in Necromancy
  6745 | Orc:2    | Noticed an orc knight
  6776 | Orc:2    | Noticed an orc high priest
  6796 | Orc:2    | Killed an orc high priest
  6797 | Orc:2    | Reached skill level 8 in Necromancy
  6801 | Orc:2    | Noticed an orc high priest
  6815 | Orc:2    | Killed an orc high priest
  6824 | Orc:2    | Noticed an orc sorcerer
  6864 | Orc:2    | Killed an orc knight
  6865 | Orc:2    | Reached skill level 9 in Necromancy
  6865 | Orc:2    | Reached ***** piety under Makhleb
  6880 | Orc:2    | Reached skill level 1 in Evocations
  6900 | Orc:2    | Killed an orc sorcerer
  6901 | Orc:2    | Reached skill level 3 in Evocations
  6935 | Orc:2    | Noticed an orc sorcerer
  6949 | Orc:2    | Killed an orc sorcerer
  6950 | Orc:2    | Reached skill level 4 in Evocations
  6950 | Orc:2    | Reached XP level 12. HP: 67/88 MP: 9/21
  6965 | Orc:2    | Noticed an orc warlord
  6986 | Orc:2    | Killed an orc warlord
  7010 | Orc:2    | Found a shimmering blue altar of Sif Muna.
  7032 | Orc:2    | Learned a level 2 spell: Sublimation of Blood
  7155 | Orc:2    | Reached skill level 10 in Necromancy
  7169 | Orc:2    | Reached skill level 17 in Earth Magic
  7245 | Orc:2    | Found Setown's General Store.
  7246 | Orc:2    | Found Guklo's Book Emporium.
  7247 | Orc:2    | Found Usiek's Antique Armour Shoppe.
  7247 | Orc:2    | Found Osuschaq's Antique Weapon Shoppe.
  7271 | Orc:2    | Bought a pair of glowing gloves for 210 gold pieces
  7271 | Orc:2    | Bought a runed helmet for 210 gold pieces
  7381 | Lair:1   | Entered Level 1 of the Lair of Beasts
  7381 | Lair:1   | Noticed an eight-headed hydra
  7381 | Lair:1   | Found a gate leading to a gauntlet.
  7385 | Lair:1   | Killed an eight-headed hydra
  7389 | Lair:1   | Found a transporter.
  7475 | Lair:1   | Found a transporter.
  7477 | Lair:1   | Noticed Sorae's ghost (journeyman DrFE)
  7548 | Gauntlet | Entered a Gauntlet
  7548 | Gauntlet | Found a transporter.
  7548 | Gauntlet | Found a runed translucent gate.
  7548 | Gauntlet | Found a transporter.
  7550 | Gauntlet | Found a runed translucent door.
  7550 | Gauntlet | Found a runed translucent gate.
  7551 | Gauntlet | Found a transporter.
  7552 | Gauntlet | Found a runed translucent gate.
  7553 | Gauntlet | Found a transporter.
  7555 | Gauntlet | Found a transporter.
  7555 | Gauntlet | Found a transporter.
  7606 | Gauntlet | Found a transporter.
  7610 | Gauntlet | Found a transporter.
  7619 | Gauntlet | Found a transporter.
  7635 | Gauntlet | Found a transporter.
  7641 | Gauntlet | Noticed a hell hog
  7655 | Gauntlet | Found a transporter.
  7655 | Gauntlet | Found a transporter.
  7709 | Gauntlet | Reached skill level 11 in Necromancy
  7740 | Gauntlet | Reached skill level 18 in Earth Magic
  7770 | Gauntlet | Identified the -5 helmet of the Fiddle {Int+4}
  7795 | Gauntlet | Identified the ring "Qiutt" {rC+ Str+2}
  7795 | Gauntlet | Noticed a minotaur
  7801 | Gauntlet | Killed a minotaur
  7958 | Lair:2   | Reached skill level 12 in Necromancy
  8005 | Lair:2   | Found a staircase to the Snake Pit.
  8010 | Lair:2   | Reached XP level 13. HP: 94/94 MP: 22/22
  8022 | Lair:2   | Reached skill level 1 in Translocations
  8068 | Lair:2   | Reached skill level 2 in Translocations
  8107 | Lair:2   | Reached skill level 3 in Translocations
  8139 | Lair:2   | Reached skill level 19 in Earth Magic
  8403 | Lair:3   | Identified the ring of Dihi {Ice Int+2}
  8416 | Lair:3   | Got the Handbook of Mutagenic Air
  8526 | Lair:4   | Reached ****** piety under Makhleb
  8655 | Lair:4   | Reached skill level 20 in Earth Magic
  8739 | Lair:5   | Reached skill level 7 in Spellcasting
  8804 | Lair:5   | Found a large runed translucent door.
  8804 | Lair:5   | Found a large runed translucent door.
  8805 | Lair:5   | Noticed Udem Wok's ghost (journeyman DsGl)
  8826 | Lair:6   | Entered Level 6 of the Lair of Beasts
  8845 | Lair:6   | Reached skill level 13 in Necromancy
  8898 | Lair:6   | Noticed Snorg
  8924 | Lair:6   | Killed Snorg
  8999 | Lair:6   | Gained mutation: You resist negative energy. (rN+) [Deep
                  | Dwarf growth]
  8999 | Lair:6   | Reached XP level 14. HP: 102/102 MP: 25/25
  9001 | Lair:6   | Reached skill level 8 in Spellcasting
  9012 | Lair:6   | Found a frozen archway.
  9027 | IceCv    | Entered an ice cave
  9249 | IceCv    | Identified a +1 crystal plate armour of cold resistance
  9266 | IceCv    | Found an ancient bone altar of Kikubaaqudgha.
  9272 | IceCv    | Reached skill level 14 in Necromancy
  9487 | Lair:6   | Reached skill level 9 in Spellcasting
  9511 | Lair:6   | Found a runed translucent door.
  9512 | Lair:6   | Found a viscous altar of Jiyva.
  9512 | Lair:6   | Found a staircase to the Slime Pits.
  9619 | Lair:6   | Reached skill level 15 in Necromancy
  9801 | Lair:6   | Reached skill level 10 in Spellcasting
  9915 | Lair:6   | Identified a potion of resistance
  9942 | Lair:6   | Upgraded the game from 0.28-a0-655-g4eb62b627b to
                  | 0.28-a0-657-g71136c5590
 10065 | Lair:5   | Reached XP level 15. HP: 98/108 MP: 11/29
 10191 | Lair:4   | Found a staircase to the Shoals.
 10365 | Lair:3   | Reached skill level 16 in Necromancy
 10433 | Snake:1  | Entered Level 1 of the Snake Pit
 10514 | Snake:1  | Reached skill level 21 in Earth Magic
 10518 | Snake:1  | Reached skill level 11 in Spellcasting
 10520 | Snake:1  | Noticed a nagaraja
 10529 | Snake:1  | Killed a nagaraja
 10773 | Snake:1  | Noticed Asterion
 10789 | Snake:1  | Killed Asterion
 10796 | Snake:1  | Acquired the +0 cloak "Jeutativ" {rElec rN+ Regen+ Dex+2}
 10861 | Snake:1  | Reached skill level 12 in Spellcasting
 10933 | Snake:1  | Reached skill level 1 in Fighting
 10944 | Snake:1  | Reached skill level 7 in Dodging
 11017 | Snake:2  | Reached skill level 2 in Fighting
 11066 | Snake:2  | HP: 9/116 [salamander (7)]
 11077 | Snake:2  | Reached skill level 3 in Fighting
 11087 | Snake:2  | Reached skill level 8 in Dodging
 11236 | Snake:2  | Reached skill level 4 in Fighting
 11253 | Snake:2  | Noticed a nagaraja
 11265 | Snake:2  | Killed a nagaraja
 11272 | Snake:2  | Noticed Azrael
 11294 | Snake:3  | Noticed Jorgrun
 11314 | Snake:2  | Killed Azrael
 11363 | Snake:2  | Reached skill level 9 in Dodging
 11505 | Snake:1  | Reached XP level 16. HP: 122/129 MP: 19/32
 11550 | Snake:3  | Noticed Vashnia
 11613 | Snake:3  | Killed Jorgrun
 11614 | Snake:3  | Reached skill level 5 in Fighting
 11793 | Snake:3  | Found Laclesan's Book Emporium.
 11794 | Snake:3  | Found Rankaq's Jewellery Shop.
 11795 | Snake:3  | Found Deyps's Book Emporium.
 11806 | Snake:3  | Bought a ring of poison resistance for 280 gold pieces
 11899 | Snake:3  | Identified the +1 robe "Faumoy" {Will+}
 11970 | Snake:4  | Entered Level 4 of the Snake Pit
 12003 | Snake:4  | Reached skill level 8 in Armour
 12059 | Snake:4  | Reached skill level 10 in Dodging
 12129 | Snake:4  | Identified the +1 robe "Tinoq" {Rampage Regen+ Int-3 Dex+4}
 12213 | Snake:4  | Reached skill level 9 in Armour
 12411 | Snake:4  | Reached skill level 11 in Dodging
 12665 | Snake:4  | Reached skill level 10 in Armour
 12734 | Snake:4  | Got a serpentine rune of Zot
 12824 | Snake:1  | Reached skill level 12 in Dodging
 12928 | Shoals:1 | Entered Level 1 of the Shoals
 12955 | Shoals:2 | Noticed Polyphemus
 13005 | Shoals:1 | Reached skill level 11 in Armour
 13396 | Shoals:3 | Noticed a kraken
 13412 | Shoals:3 | Killed a kraken
 13438 | Shoals:3 | Reached XP level 17. HP: 62/138 MP: 8/33
 13499 | Shoals:3 | Reached skill level 13 in Dodging
 13514 | Shoals:3 | Found Noggam's Jewellery Shop.
 13539 | Shoals:4 | Entered Level 4 of the Shoals
 13545 | Shoals:4 | Reached skill level 12 in Armour
 13554 | Shoals:4 | HP: 11/138 [water nymph/the raging water (17)]
 13554 | Shoals:4 | HP: 4/138 [spore (21)]
 13964 | Shoals:4 | Reached skill level 13 in Armour
 13972 | Shoals:4 | Reached skill level 14 in Dodging
 14022 | Shoals:4 | HP: 2/138 [satyr/arrow (30)]
 14325 | Shoals:4 | Identified the +10 spear "Ofaklur" {vorpal, Fly rF- Will++
                  | Dex+4}
 14328 | Shoals:4 | Paralysed by a sphinx for 5 turns
 14350 | Shoals:3 | Reached skill level 14 in Armour
 14433 | Shoals:4 | Reached skill level 15 in Dodging
 14501 | Shoals:4 | Identified the ring "Bawoirorgh" {Ice Str+4}
 14507 | Shoals:4 | Got a barnacled rune of Zot
 14615 | Shoals:2 | Identified the +0 helmet "Oniev" {*Corrode rElec rPois
                  | Dex+6}
 14630 | Shoals:2 | Reached skill level 7 in Stealth
 15034 | D:12     | Reached skill level 8 in Stealth
 15211 | D:12     | Reached skill level 9 in Stealth
 15217 | D:12     | Noticed Fannar
 15224 | D:12     | Killed Fannar
 15409 | D:13     | Reached skill level 10 in Stealth
 15432 | D:13     | Gained mutation: You passively map a large area around you.
                  | [Deep Dwarf growth]
 15432 | D:13     | Reached XP level 18. HP: 137/145 MP: 9/34
 15454 | D:13     | Found a gate to the Vaults.
 15485 | D:13     | Noticed Kirke
 15492 | D:13     | Killed Kirke
 16123 | Orc:2    | Acquired 608 gold pieces
 16124 | Orc:2    | Acquired the ring of Ridwo {rElec rF+ rC+ Int+4 Dex+6}
 16143 | Elf:1    | Entered Level 1 of the Elven Halls
 16153 | Elf:1    | Reached skill level 22 in Earth Magic
 16193 | Elf:1    | Found a transporter.
 16197 | Elf:1    | Noticed Fiutitsu's ghost (adept OpCj)
 16223 | Elf:1    | Found a transporter.
 16229 | Elf:1    | Reached skill level 1 in Shields
 16235 | Elf:1    | Paralysed by an air elemental for 1 turns
 16317 | Elf:1    | Reached skill level 2 in Shields
 16394 | Elf:1    | Reached skill level 3 in Shields
 16464 | Elf:1    | Reached skill level 4 in Shields
 16549 | Elf:1    | Found the +5 scythe "Finisher" {speed, eviscerate}
 16612 | Elf:1    | HP: 6/145 [Fiutitsu's ghost/iron shot (56)]
 16613 | Elf:1    | Reached skill level 23 in Earth Magic
 16613 | Elf:1    | Killed from afar by Fiutitsu's ghost

Vanquished Creatures
  Jorgrun (Snake:3)
  Asterion (Snake:1)
  A kraken (Shoals:3)
  2 sphinxes (Shoals:4)
  Kirke (D:13)
  2 nagarajas
  An orc warlord (Orc:2)
  An ironbound preserver (D:13)
  A deep elf demonologist (Elf:1)
  A deep elf annihilator (Elf:1)
  Azrael (Snake:2)
  3 minotaurs
  5 merfolk impalers
  Snorg (Lair:6)
  2 deep elf high priests (Elf:1)
  Fannar (D:12)
  5 boulder beetles
  3 salamander tyrants (Snake:4)
  14 anacondas
  11 hydras
  14 naga warriors
  An ogre mage (Orc:2)
  2 merfolk avatars (Shoals:4)
  2 catoblepae
  6 death yaks (Lair:6)
  14 satyrs
  3 centaur warriors (D:13)
  2 tengu warriors (D:13)
  10 two-headed ogres
  3 orc high priests (Orc:2)
  7 dancing weapons (Elf:1)
  8 shock serpents
  7 naga sharpshooters
  3 deep elf knights (Elf:1)
  2 fire crabs
  A salamander mystic (Snake:4)
  14 sea snakes
  5 naga ritualists
  6 deep elf archers (Elf:1)
  A necromancer (IceCv)
  Pikel (D:7)
  8 harpies
  3 orc knights (Orc:2)
  12 mana vipers
  7 deep elf zephyrmancers (Elf:1)
  3 lindwurms
  15 deep elf pyromancers
  10 manticores
  4 orc sorcerers (Orc:2)
  A wolf spider (Lair:6)
  9 ugly things
  19 fauns
  8 salamanders
  9 cyclopes
  2 elephants (Lair:6)
  9 merfolk sirens
  8 guardian serpents
  An ice statue (IceCv)
  39 black mambas
  A water nymph (shapeshifter) (Elf:1)
  A torpor snail (Lair:5)
  7 naga magi
  21 cane toads
  A gargoyle (D:11)
  6 water nymphs
  6 komodo dragons
  5 freezing wraiths (IceCv)
  A minotaur zombie (Gauntlet)
  3 kobold demonologists (D:12)
  10 ice devils
  2 anaconda simulacra (IceCv)
  3 rime drakes (Lair:6)
  3 meliai (Gauntlet)
  5 trolls
  2 polar bears
  17 merfolk
  24 blink frogs
  3 hornets (Lair:6)
  10 slime creatures
  6 wind drakes
  12 snapping turtles
  18 dream sheep
  6 flying skulls (Gauntlet)
  3 air elementals (Elf:1)
  3 redbacks (Lair:6)
  9 basilisks
  3 dire elephant simulacra (IceCv)
  4 water elementals
  3 wraiths
  2 hogs (D:13)
  2 steam dragons
  2 fire bats (Gauntlet)
  5 fire elementals
  7 wyverns
  49 yaks
  A hog (shapeshifter) (D:13)
  3 vampire mosquitoes (D:13)
  6 death yak simulacra (IceCv)
  A warg (Orc:1)
  Menkaure (D:5)
  28 nagas
  4 harpy simulacra (IceCv)
  4 hell hounds (Snake:2)
  An acid dragon (D:8)
  Duvessa (D:7)
  19 water moccasins
  A necrophage (D:6)
  A sky beast (D:5)
  An ice beast (D:6)
  29 orc warriors
  4 black bears
  4 ogres
  7 wolves
  2 lemures (D:7)
  3 centaurs
  3 phantoms
  3 kobold brigands
  Blork the orc (D:4)
  12 bullfrogs
  3 cane toad simulacra (IceCv)
  A gnoll sergeant (D:10)
  2 earth elementals (Elf:1)
  2 scorpions
  Dowan (D:7)
  3 elephant simulacra (IceCv)
  3 killer bees (D:11)
  3 wights (D:8)
  4 electric eels
  A centaur zombie (D:8)
  3 jellies
  A bullfrog zombie (D:5)
  3 hounds
  Crazy Yiuf (D:7)
  15 orc priests
  A bullfrog skeleton (D:4)
  A centaur skeleton (D:4)
  20 orc wizards
  3 polar bear simulacra (IceCv)
  2 spriggan simulacra (IceCv)
  A troll simulacrum (IceCv)
  5 wolf simulacra (IceCv)
  A killer bee zombie (D:6)
  A mummy (D:5)
  A howler monkey zombie (D:7)
  5 adders
  4 gnolls (D:10)
  3 naga simulacra (IceCv)
  A shadow imp (D:5)
  5 dart slugs
  73 orcs
  8 ball pythons
  8 endoplasms
  4 giant cockroaches
  10 goblins
  4 hobgoblins
  3 jackals
  4 kobolds
  4 bats
  5 frilled lizards
  3 rats
  2 lurking horrors (D:9)
  A plant (Shoals:4)
  2 tentacles (Shoals:3)
973 creatures vanquished.

Vanquished Creatures (collateral kills)
  A merfolk (Shoals:4)
1 creature vanquished.

Vanquished Creatures (others)
  A butterfly (D:3)
  22 fungi
  86 plants
  8 tentacles (Shoals:3)
  4 withered plants (Gauntlet)
121 creatures vanquished.

Grand Total: 1095 creatures vanquished

Table legend: (Time is in decaauts)
 A = Elapsed time spent in this place.
 B = Non-inter-level travel time spent in this place.
 C = Inter-level travel time spent in this place.
 D = Time resting spent in this place.
 E = Time spent auto-exploring this place.
 F = Levels seen in this place.
 G = Mean time per level.
                   A        B        C        D        E       F      G
               +--------+--------+--------+--------+--------+-----+--------+
         Total |  16843 |  15894 |    949 |     94 |     19 |  33 |  510.4 |
       Dungeon |   7010 |   6463 |    547 |     53 |     19 |  13 |  539.2 |
        Temple |     42 |     42 |      0 |      0 |      0 |   1 |   42.0 |
          Lair |   2570 |   2364 |    206 |      0 |      0 |   6 |  428.3 |
        Shoals |   1977 |   1977 |      0 |      5 |      0 |   4 |  494.2 |
     Snake Pit |   2435 |   2370 |     65 |      0 |      0 |   4 |  608.8 |
  Orcish Mines |   1638 |   1507 |    131 |     36 |      0 |   2 |  819.0 |
   Elven Halls |    469 |    469 |      0 |      0 |      0 |   1 |  469.0 |
      Ice Cave |    404 |    404 |      0 |      0 |      0 |   1 |  404.0 |
      Gauntlet |    294 |    294 |      0 |      0 |      0 |   1 |  294.0 |
               +--------+--------+--------+--------+--------+-----+--------+

Top non-repeatable levels by time:
   Orc:2: 1150 daAuts
 Snake:4: 789 daAuts
  Lair:6: 733 daAuts
Shoals:4: 702 daAuts
    D:11: 689 daAuts
 Snake:1: 676 daAuts
     D:1: 650 daAuts
Shoals:3: 633 daAuts
     D:9: 613 daAuts
     D:6: 606 daAuts
    D:13: 598 daAuts
     D:4: 544 daAuts
 Snake:2: 527 daAuts
     D:2: 518 daAuts
    D:12: 514 daAuts

Table legend:
 A = Non-vault XP
 B = Vault XP
 C = Vault XP percentage of total XP
 D = Non-vault monster count
 E = Vault monster count
 F = Vault count percentage of total count
                 A         B        C        D         E       F
            +---------+---------+-------+---------+---------+-------
      Total |  199834 |  131718 |  39.7 |     591 |     376 |  38.9
            +---------+---------+-------+---------+---------+-------
        D:1 |      17 |       0 |   0.0 |      11 |       0 |   0.0
        D:2 |      17 |      34 |  66.7 |       9 |      12 |  57.1
        D:3 |      34 |       0 |   0.0 |      15 |       0 |   0.0
        D:4 |     283 |      96 |  25.3 |      14 |       1 |   6.7
        D:5 |     411 |     492 |  54.5 |       8 |       6 |  42.9
        D:6 |     556 |       0 |   0.0 |      11 |       0 |   0.0
        D:7 |     582 |     908 |  60.9 |       8 |       4 |  33.3
        D:8 |    1236 |       0 |   0.0 |      16 |       0 |   0.0
        D:9 |    2037 |     608 |  23.0 |      13 |      32 |  71.1
       D:10 |    1122 |       0 |   0.0 |      15 |       0 |   0.0
       D:11 |    1550 |       0 |   0.0 |      10 |       0 |   0.0
       D:12 |   11449 |     881 |   7.1 |      24 |       1 |   4.0
       D:13 |   10976 |    7560 |  40.8 |      20 |      12 |  37.5
     Lair:1 |    4435 |       0 |   0.0 |      13 |       0 |   0.0
     Lair:2 |    8256 |      93 |   1.1 |      34 |       1 |   2.9
     Lair:3 |    5285 |       0 |   0.0 |      25 |       0 |   0.0
     Lair:4 |    7659 |       0 |   0.0 |      30 |       0 |   0.0
     Lair:5 |    8466 |       0 |   0.0 |      20 |       0 |   0.0
     Lair:6 |   12215 |   20432 |  62.6 |      31 |      59 |  65.6
   Shoals:1 |    5664 |     841 |  12.9 |      15 |       1 |   6.2
   Shoals:2 |   10681 |       0 |   0.0 |      21 |       0 |   0.0
   Shoals:3 |   17936 |     979 |   5.2 |      36 |       1 |   2.7
   Shoals:4 |   12511 |   25589 |  67.2 |      29 |      39 |  57.4
    Snake:1 |   21717 |    5044 |  18.8 |      44 |       5 |  10.2
    Snake:2 |    9376 |    8637 |  47.9 |      14 |      21 |  60.0
    Snake:3 |    5885 |    1986 |  25.2 |      13 |       1 |   7.1
    Snake:4 |   12281 |   22239 |  64.4 |      24 |      36 |  60.0
      Orc:1 |    2096 |       0 |   0.0 |      17 |       0 |   0.0
      Orc:2 |    4898 |   10953 |  69.1 |      17 |      65 |  79.3
      Elf:1 |   20203 |    9527 |  32.0 |      34 |      14 |  29.2
      IceCv |       0 |    9993 | 100.0 |       0 |      51 | 100.0
   Gauntlet |       0 |    4826 | 100.0 |       0 |      14 | 100.0
            +---------+---------+-------+---------+---------+-------
